 Dungeon Crawl Stone Soup version 0.28.0 (webtiles) character file.

Game seed: 11941800281589896113

74 Crownlay the Digger (level 4, -3/24 HPs)
             Began as a Gargoyle Earth Elementalist on Feb 18, 2022.
             Slain by a gnoll (6 damage)
             ... on level 2 of the Dungeon.
             The game lasted 00:03:12 (1896 turns).

Crownlay the Digger (Gargoyle Earth Elementalist)   Turns: 1896, Time: 00:03:12

Health: -3/24      AC:  5    Str: 11    XL:     4   Next: 30%
Magic:  8/9        EV: 11    Int: 18    God:
Gold:   32         SH:  0    Dex: 10    Spells: 4/10 levels left

rFire   + . .      SeeInvis .   l - +3 whip
rCold   . . .      Faith    .   (no shield)
rNeg    + . .      Spirit   .   b - +0 robe
rPois   ∞          Reflect  .   (no helmet)
rElec   +          Harm     .   (no cloak)
rCorr   .          Rampage  .   (no gloves)
Will    .....                   (no boots)
Stlth   ++........              (no amulet)
HPRegen 0.08/turn               f - ring of protection from fire
MPRegen 0.11/turn               (no ring)

@: no status effects
A: sickness immunity, AC +3, negative energy resistance 1, electricity
resistance, torment resistance 1, petrification resistance
a: no special abilities


You were on level 2 of the Dungeon.
You visited 1 branch of the dungeon, and saw 2 of its levels.

You collected 32 gold pieces.

Inventory:

Hand Weapons
 l - a +3 whip (weapon)
Missiles
 c - 7 stones
Armour
 b - a +0 robe (worn)
Jewellery
 f - a ring of protection from fire (left hand)
Scrolls
 d - a scroll of blinking {unknown}
 e - a scroll of enchant armour {unknown}
 g - a scroll of magic mapping {unknown}
 h - a scroll of identify {unknown}
 i - a scroll of enchant weapon {unknown}
Potions
 j - a potion of curing {unknown}
 k - a potion of flight {unknown}


   Skills:
 - Level 1.5 Dodging
 - Level 2.1 Stealth
 * Level 3.5 Spellcasting
 - Level 0.7 Transmutations
 + Level 4.5 Earth Magic


You had 4 spell levels left.
You knew the following spells:

 Your Spells              Type           Power      Damage    Failure   Level
a - Sandblast             Erth           38%        2d10      2%          1
b - Passwall              Tmut/Erth      10%        N/A       8%          2
c - Stone Arrow           Conj/Erth      22%        3d8       19%         3

Your spell library contained the following spells:

 Spells                   Type           Power      Damage    Failure   Level
 Petrify                  Tmut/Erth      12%        N/A       45%         4


Dungeon Overview and Level Annotations

Branches:
Dungeon (2/15)

Altars:

Shops:
D:1 (   D:2 =


Innate Abilities, Weirdness & Mutations

You are immune to sickness and miasma.
Your stone body is resilient. (AC +3)
You are immune to poison.
You resist negative energy. (rN+)
You are resistant to electric shocks. (rElec)
You are resistant to unholy torment.
You are immune to petrification.


Message History

There is a stone staircase leading up here.
The gnoll hits you with a +3 whip.
You climb upwards.
There is a stone staircase leading down here.
The blast of sand hits the gnoll!
The gnoll is severely wounded.
The gnoll closely misses you.
You miscast Sandblast.
You are very lightly contaminated with residual magic.
Nothing appears to happen.
The gnoll closely misses you.
The blast of sand hits the gnoll.
The gnoll is severely wounded.
The gnoll misses you.
The blast of sand hits the gnoll!
You kill the gnoll!
Your magical contamination has completely faded away.
Magic restored.
HP restored.
Done exploring.
You see here a +3 whip.
l - a +3 whip
l - a +3 whip (weapon)
You drop a +0 spear.
There is a stone staircase leading down here.
You climb downwards.
The worm bites you but does no damage.
There is a stone staircase leading up here.
You hit the worm.
The worm is lightly wounded.
You hit the worm.
The worm is lightly wounded.
The worm bites you!
The gnoll hits you from afar with a +0 spear.
The blast of sand hits the worm.
The worm is heavily wounded.
The gnoll hits you from afar with a +0 spear.
The worm bites you!
* * * LOW HITPOINT WARNING * * *
You are too injured to fight recklessly!
The gnoll hits you from afar with a +0 spear.
You die...

# ######## . .......# .#
...#. ......# #.# ...#...
.....####..#
.w......####....w.####.
.............g.@....... ...
...###÷.........?.
#.######.÷..#########
#........#### #......##### .
#.......g..#### ###.#
###.....##.#g...### ###....#
##.
#.......##.####...###.......
... #..#<##.###.#
###.......# ##.#


You could see a worm and a gnoll.

Vanquished Creatures
  3 gnolls
  A worm (D:2)
  A dart slug (D:1)
  6 ball pythons
  4 endoplasms (D:1)
  2 giant cockroaches (D:1)
  5 goblins
  3 jackals (D:2)
  A quokka (D:2)
  5 frilled lizards
  5 kobolds (D:1)
  2 rats
38 creatures vanquished.

Notes
Turn   | Place    | Note
-------+----------+-------------------------------------------
     0 | D:1      | Crownlay the Gargoyle Earth Elementalist began the quest
                  | for the Orb.
     0 | D:1      | Reached XP level 1. HP: 10/10 MP: 3/3
   382 | D:1      | Reached XP level 2. HP: 14/15 MP: 5/5
   528 | D:1      | Found Laos's Antique Weapon Emporium.
   703 | D:1      | Reached skill level 4 in Earth Magic
   963 | D:1      | Reached XP level 3. HP: 19/19 MP: 7/7
  1461 | D:2      | Found Qeudir's Jewellery Emporium.
  1516 | D:2      | Reached XP level 4. HP: 1/24 MP: 0/9
  1803 | D:1      | Learned a level 2 spell: Passwall
  1807 | D:1      | Learned a level 3 spell: Stone Arrow
  1896 | D:2      | Slain by a gnoll

Illustrated notes

Levels and vault maps discovered:
D:1:      matt_arrival_los_fun, layout_loops_ring, serial_shops, shop
D:2:      layout_rooms, serial_shops, nicolae_diamond_shop, basic_altar,
          hellmonk_ecumenical_altar_leap_of_faith, uniq_terence

Skill      XL: |  1  2  3 |
---------------+----------+-----
Earth Magic    | 4 |  4.5
Spellcasting   | 3 |  3.5
Dodging        | |  1.5
Stealth        | |  2.1
Transmutations | |  0.7

Action                   |  1- 3 |  4- 6 || total
-------------------------+-------+-------++-------
Melee: Spear             |    97 |       ||    97
       Whip              |       |     2 ||     2
 Cast: Sandblast         |    19 |     4 ||    23
 Stab: Sleeping          |     8 |       ||     8
       Distracted        |     1 |       ||     1
Armor: Robe              |    19 |     1 ||    20
Dodge: Dodged            |    40 |     3 ||    43
